 Dungeon Crawl Stone Soup version 0.24.0-10-g970556be89 (console) character file.

Game seed: 7980494923226883839, levelgen mode: deterministic

116 AlterAsc the Changer (level 5, 0/33 HPs)
             Began as an Octopode Transmuter on Nov 4, 2019.
             Slain by a river rat (4 damage)
             ... on level 3 of the Dungeon.
             The game lasted 00:04:38 (2282 turns).

AlterAsc the Changer (Octopode Transmuter)          Turns: 2282, Time: 00:04:38

Health: 0/33       AC:  1    Str: 10    XL:     5   Next: 0%
Magic:  7/9        EV: 13    Int: 16    God:
Gold:   85         SH:  0    Dex: 12    Spells: 4/10 levels left

rFire    . . .     SeeInvis .     - Unarmed
rCold    . . .     Gourm    .   (no shield)
rNeg     . . .     Faith    .   (helmet restricted)
rPois    .         Spirit   .   (no amulet)
rElec    .         Reflect  .   j - ring of stealth
rCorr    .         Harm     .   (no ring)
MR       .....                  (no ring)
Stlth    ++++......             (no ring)
HPRegen  0.11/turn              (no ring)
MPRegen  0.11/turn              (no ring)
                                (no ring)
                                (no ring)

@: no status effects
A: almost no armour, stealthy swim, amphibious, 8 rings, constrict 8, camouflage
1, gelatinous body 1
a: no special abilities


You were on level 3 of the Dungeon.
You were hungry.

You visited 1 branch of the dungeon, and saw 3 of its levels.

You collected 85 gold pieces.

Inventory:

Missiles
 a - 31 arrows
 b - 21 poisoned darts (quivered)
Armour
 d - a +0 buckler
Jewellery
 j - a ring of stealth (left tentacle)
Wands
 o - a wand of random effects (17)
Scrolls
 e - 2 scrolls of fear {unknown}
 h - 2 scrolls of random uselessness {unknown}
 i - 2 scrolls of identify {unknown}
 l - a scroll of enchant weapon {unknown}
Potions
 f - a potion of agility {unknown}
 g - a potion of mutation {unknown}
 k - a potion of resistance {unknown}
 m - a potion of curing {unknown}
 n - a potion of heal wounds {unknown}
Comestibles
 c - 2 rations
 p - a chunk of flesh


   Skills:
 - Level 1.2 Fighting
 - Level 2.1 Dodging
 - Level 3.1 Unarmed Combat
 + Level 3.0 Spellcasting
 * Level 4.0 Transmutations


You had 4 spell levels left.
You knew the following spells:

 Your Spells              Type           Power        Failure   Level  Hunger
a - Beastly Appendage     Tmut           ###...       3%          1    #......
b - Sticks to Snakes      Tmut           ###.....     5%          2    ##.....
c - Spider Form           Tmut/Pois      #.........   24%         3    ###....

Your spell library contained the following spells:

 Spells                   Type           Power        Failure   Level  Hunger
 Ice Form                 Ice/Tmut       #.......     63%         4    #####..
 Blade Hands              Tmut           ###.......   69%         5    ######.


Dungeon Overview and Level Annotations

Branches:
Dungeon (3/15)

Altars:
Elyvilon
Gozag
Uskayaw
Yredelemnul

Portals:
Sewer: D:3


Innate Abilities, Weirdness & Mutations

You cannot wear most types of armour.
You are very stealthy in the water. (Stealth+)
You are amphibious.
You can wear up to eight rings at the same time.
You can use your tentacles to constrict eight enemies at once.
Your skin changes colour to match your surroundings (Stealth+).
Your rubbery body absorbs attacks. (AC +1, EV +1)


Message History

You kill the river rat!
Your Transmutations skill increases to level 4!
You have reached level 5!
You feel clever.
You open the large door. 2 river rats come into view.
Found a glowing drain.
Casting: Beastly Appendage (safe; 3% risk of failure)
Confirm with . or Enter, or press ? or * to list all spells.
You create a snake!
You now have 31 arrows.
You barely miss the river rat. Your grab misses the river rat.
Your ball python closely misses the river rat.
Your ball python misses the river rat.
The river rat bites you!
* * * LOW HITPOINT WARNING * * *
You completely miss the river rat. Your grab misses the river rat.
Your ball python bites the river rat but does no damage.
Your ball python barely misses the river rat.
The river rat twitches its whiskers.
The river rat bites you.
You die...

######÷#
#......#
#.####.###
#........#
#..≈(...(#
#≈≈≈.≈...#
#≈≈≈≈≈≈..#
#####≈≈..#
#@≈≈.#
#r∩≈'r...#
#≈≈≈'S≈≈.#
##########


You could see 2 river rats and a friendly ball python.

Vanquished Creatures
  5 adders
  A river rat (D:3)
  2 worms
  2 dart slugs (D:1)
  A leopard gecko (D:3)
  A giant cockroach (D:1)
  3 goblins
  8 hobgoblins
  4 jackals (D:1)
  A quokka (D:2)
  6 bats
  2 frilled lizards (D:1)
  4 kobolds
  12 rats
52 creatures vanquished.

Notes
Turn   | Place    | Note
-------+----------+-------------------------------------------
     0 | D:1      | AlterAsc the Octopode Transmuter began the quest for the
                  | Orb.
     0 | D:1      | Reached XP level 1. HP: 13/13 MP: 3/3
   166 | D:1      | Reached XP level 2. HP: 14/18 MP: 3/5
   321 | D:1      | Learned a level 2 spell: Sticks to Snakes
   521 | D:1      | Reached XP level 3. HP: 22/23 MP: 4/6
   801 | D:2      | Noticed a +0 hand axe
   804 | D:2      | Found a hide-covered altar of Uskayaw.
   804 | D:2      | Noticed a +0 dagger
   841 | D:2      | Reached skill level 3 in Transmutations
   888 | D:2      | Learned a level 3 spell: Spider Form
  1351 | D:2      | Reached XP level 4. HP: 28/28 MP: 6/8
  1936 | D:3      | Found an opulent altar of Gozag.
  2027 | D:3      | Found a faded altar of an unknown god.
  2079 | D:3      | Found a white marble altar of Elyvilon.
  2141 | D:3      | Found a basalt altar of Yredelemnul.
  2277 | D:3      | Reached skill level 4 in Transmutations
  2277 | D:3      | Reached XP level 5. HP: 14/33 MP: 9/9
  2278 | D:3      | Found a glowing drain.
  2282 | D:3      | Slain by a river rat

Levels and vault maps discovered:
D:1:      minmay_arrival_widening_spiral_wide, layout_basic
D:2:      kennysheep_six_static_rooms, layout_loops_corners,
          dancing_weapons_uskayaw
D:3:      layout_basic, kennysheep_ying_yang, grunt_gozag_breadcrumbs,
          old_standard_altar, portal_sewer_entry_e,
          chequers_ecumenical_altar_simple_redux

Skill      XL: |  1  2  3  4 |
---------------+-------------+-----
Transmutations | 3 4 |  4.0
Spellcasting   | 3 |  3.0
Fighting       | |  1.2
Dodging        | |  2.1
Unarmed Combat | |  3.1

Action                   |  1- 3 |  4- 6 || total
-------------------------+-------+-------++-------
Melee: Unarmed           |    82 |    41 ||   123
       Constrict         |    25 |    11 ||    36
       Kick              |    10 |     9 ||    19
       Tentacles         |     7 |     3 ||    10
       Punch             |     2 |       ||     2
 Cast: Beastly Appendage |    14 |     8 ||    22
       Sticks to Snakes  |       |     1 ||     1
 Stab: Sleeping          |     8 |     5 ||    13
  Eat: Chunk             |     1 |     3 ||     4
Armor: Skin              |    12 |     4 ||    16
Dodge: Dodged            |    46 |    15 ||    61
